 Dungeon Crawl Stone Soup version 0.27-a0-1529-g1e82c303ef (webtiles) character file.

Game seed: 14738099723835048058

117 ramir17 the Digger (level 4, -1/36 HPs)
             Began as a Deep Dwarf Earth Elementalist on June 28, 2021.
             Was a Follower of Vehumet.
             Slain by a scorpion (4 damage)
             ... on level 3 of the Dungeon on July 11, 2021.
             The game lasted 00:20:00 (2573 turns).

ramir17 the Digger (Deep Dwarf Earth Elementalist)  Turns: 2573, Time: 00:20:01

Health: -1/36      AC:  6    Str: 12    XL:     4   Next: 71%
Magic:  0/7        EV: 12    Int: 16    God:    Vehumet [*.....]
Gold:   105        SH:  0    Dex: 13    Spells: 1/7 levels left

rFire    + . .     SeeInvis .   (no weapon)
rCold    . . .     Faith    .   (no shield)
rNeg     + . .     Spirit   .   p - +2 leather armour {rF+}
rPois    .         Reflect  .   (no helmet)
rElec    .         Harm     .   (no cloak)
rCorr    .         Rampage  .   (no gloves)
Will     .....                  q - +0 pair of boots
Stlth    ++........             (no amulet)
HPRegen  0.00/turn              a - ring of positive energy
MPRegen  0.10/turn              (no ring)

@: lethally poisoned (-1 -> -1)
A: damage resistance, heal wounds, sense surroundings 1, no regeneration
a: Heal Wounds, Renounce Religion


You were on level 3 of the Dungeon.
You worshipped Vehumet.
Vehumet was aware of your devotion.
You visited 1 branch of the dungeon, and saw 4 of its levels.

You collected 105 gold pieces.

Inventory:

Missiles
 c - 103 stones
Armour
 b - a +0 robe
 p - a +2 leather armour of fire resistance (worn)
 q - a +0 pair of boots (worn)
Jewellery
 a - a ring of positive energy (left hand)
 o - a ring of poison resistance
Wands
 i - a wand of polymorph (12)
Scrolls
 d - 6 scrolls of identify {unknown}
 f - 2 scrolls of blinking {unknown}
 g - a scroll of teleportation {unknown}
 h - 2 scrolls of enchant weapon {unknown}
 j - a scroll of fear {unknown}
 k - a scroll of noise {unknown}
 n - a scroll of vulnerability {unknown}
Potions
 e - a potion of mutation {unknown}
 l - a potion of lignification {unknown}
 m - a potion of heal wounds {unknown}
 r - a potion of curing {unknown}


   Skills:
 + Level 2.6 Dodging
 - Level 3.2 Stealth
 + Level 2.3 Spellcasting
 + Level 0.7 Conjurations
 - Level 1.0 Transmutations
 * Level 5.8 Earth Magic


You had one spell level left.
You knew the following spells:

 Your Spells              Type           Power      Damage    Failure   Level
a - Sandblast             Erth           40%        2d10      2%          1
b - Passwall              Tmut/Erth      10%        N/A       10%         2
c - Stone Arrow           Conj/Erth      24%        3d8       19%         3

Your spell library contained the following spells:

 Spells                   Type           Power      Damage    Failure   Level
 Magic Dart               Conj           16%        1d3       19%         1
 Petrify                  Tmut/Erth      12%        N/A       52%         4
 Lee's Rapid Deconstruct  Erth           10%        3d9*      54%         5


Dungeon Overview and Level Annotations

Branches:
Dungeon (4/15)
 Temple: D:4-7

Altars:
Vehumet


Innate Abilities, Weirdness & Mutations

You are resistant to damage.
You can heal yourself by infusing magical energy.
You passively map a small area around you.
You do not regenerate.


Message History

You hit the scorpion but do no damage.
The scorpion is severely wounded.
The scorpion stings you.
* * * LOW HITPOINT WARNING * * *
You barely miss the scorpion.
The scorpion is severely wounded.
The scorpion stings you.
You barely miss the scorpion.
The scorpion is severely wounded.
The scorpion stings you but does no damage.
You hit the scorpion but do no damage.
The scorpion is severely wounded.
The scorpion closely misses you. The scorpion barely misses you.
The scorpion closely misses you.
You climb upwards.
There is a stone staircase leading down here.
Casting: Sandblast (safe; 2% risk of failure)
Confirm with . or Enter, or press ? or * to list all spells.
Aiming: Sandblast (safe; 2% risk of failure)
Press: ? - help, Shift-Dir - straight line, f - scorpion
Aim: a scorpion (severely wounded, 81% to hit)
The blast of sand hits the scorpion.
The scorpion is almost dead.
The scorpion barely misses you. The scorpion barely misses you.
The scorpion stings you!
* * * LOW HITPOINT WARNING * * *
You fail to use your ability.
The scorpion misses you.
Casting: Sandblast (safe; 2% risk of failure)
Confirm with . or Enter, or press ? or * to list all spells.
Aiming: Sandblast (safe; 2% risk of failure)
Press: ? - help, Shift-Dir - straight line, f/p - scorpion
Aim: a scorpion (severely wounded, 81% to hit)
The blast of sand misses the scorpion.
The scorpion stings you. The scorpion stings you.
You are poisoned.
The scorpion poisons you!
There is a stone staircase leading up, spattered with blood here.
The scorpion stings you.
You die...

..# #.# ##.##.#.#
### #.# #..#.##.#
#.# #..##.#.#
#.#####..#.##.#
###.#..>........#
#.....#####..#..#
##############.#.#.#
#....##
................s..#
#.####
##############.#@#.#
#.# #.###'### #.#
###≈≈.≈≈# #.#
#≈...≈###.#
#≈...≈##..#
#≈...≈##.##
######≈≈.≈≈######
#≈≈≈≈≈≈≈.≈≈≈≈≈≈≈#
#≈...≈≈#.#≈≈...≈#


You could see a scorpion.

Vanquished Creatures
  An orc priest (D:4)
  4 adders
  2 dart slugs
  7 orcs
  4 endoplasms
  A giant cockroach (D:1)
  4 goblins
  3 hobgoblins
  A kobold (D:2)
  A quokka (D:2)
  4 ball pythons
  2 bats (D:1)
  3 frilled lizards
  3 rats
40 creatures vanquished.

Notes
Turn   | Place    | Note
-------+----------+-------------------------------------------
     0 | D:1      | ramir17 the Deep Dwarf Earth Elementalist began the quest
                  | for the Orb.
     0 | D:1      | Reached XP level 1. HP: 15/15 MP: 3/3
    35 | D:1      | Upgraded the game from 0.27-a0-1359-ga2a4dfd6fd to
                  | 0.27-a0-1416-g941b2bd30b
   307 | D:1      | Reached XP level 2. HP: 16/22 MP: 0/4
   964 | D:2      | Found a radiant altar of Vehumet.
   969 | D:2      | Became a worshipper of Vehumet
  1102 | D:2      | Reached skill level 5 in Earth Magic
  1102 | D:2      | Reached XP level 3. HP: 20/28 MP: 0/6
  1183 | D:2      | Learned a level 2 spell: Passwall
  1187 | D:2      | Learned a level 3 spell: Stone Arrow
  1237 | D:2      | Upgraded the game from 0.27-a0-1416-g941b2bd30b to
                  | 0.27-a0-1529-g1e82c303ef
  1328 | D:2      | Reached skill level 1 in Transmutations
  2111 | D:3      | Reached XP level 4. HP: 26/36 MP: 1/7
  2485 | D:4      | Reached * piety under Vehumet
  2485 | D:4      | Offered knowledge of Magic Dart by Vehumet.
  2538 | D:4      | Noticed a scorpion
  2573 | D:3      | Slain by a scorpion

Illustrated notes

Levels and vault maps discovered:
D:1:      enne_arrival_octagon_isle, layout_basic
D:2:      layout_basic, basic_altar, minmay_distorted
D:3:      layout_loops_ring, kennysheep_minor_cross, minmay_misc_feat_tiny
D:4:      layout_loops_ring, cheibriados_altar_1, lemuel_temple_firewalk_a,
          lexackson_kobold_supper

Skill      XL: |  1  2  3 |
---------------+----------+-----
Spellcasting   | 2 |  2.3
Earth Magic    | 5 |  5.8
Stealth        | 3 |  3.2
Transmutations | 1 |  1.0
Dodging        | |  2.6
Conjurations   | |  0.7

Action                   |  1- 3 |  4- 6 || total
-------------------------+-------+-------++-------
Melee: Unarmed           |     7 |     5 ||    12
 Cast: Sandblast         |    55 |    18 ||    73
Evoke: Wand              |       |     2 ||     2
Armor: Robe              |     4 |       ||     4
       Leather armour    |       |     4 ||     4
Dodge: Dodged            |    11 |    10 ||    21

Table legend: (Time is in decaauts)
 A = Elapsed time spent in this place.
 B = Non-inter-level travel time spent in this place.
 C = Inter-level travel time spent in this place.
 D = Time resting spent in this place.
 E = Time spent auto-exploring this place.
 F = Levels seen in this place.
 G = Mean time per level.
                   A        B        C        D        E       F      G
               +--------+--------+--------+--------+--------+-----+--------+
         Total |   2575 |   2476 |     99 |    303 |   1558 |   4 |  643.8 |
       Dungeon |   2575 |   2476 |     99 |    303 |   1558 |   4 |  643.8 |
               +--------+--------+--------+--------+--------+-----+--------+

Top non-repeatable levels by time:
     D:1: 877 daAuts
     D:2: 765 daAuts
     D:3: 746 daAuts
     D:4: 186 daAuts
